 Dungeon Sprint DCSS version 0.24.1-14-gf8d2b509d9 (webtiles) character file.

Game seed: 14656805203132226464, levelgen mode: deterministic

7814 Chiseanne the Imperceptible (level 11, -11/53 HPs)
             Began as a Spriggan Artificer on June 2, 2020.
             Was a High Priest of Fedhas.
             Mangled by a lorocyproca (33 damage)
             ... in the Dungeon (Sprint I: "Red Sonja").
             The game lasted 00:14:59 (1125 turns).

Chiseanne the Imperceptible (Spriggan Artificer)    Turns: 1125, Time: 00:14:59

Health: -11/53     AC:  6    Str:  8    XL:     11   Next: 1%
Magic:  1/20       EV: 42    Int: 13    God:    Fedhas [*****.]
Gold:   132        SH:  0    Dex: 25    Spells: 10/10 levels left

rFire    + + .     SeeInvis +   a - +2 dagger (venom)
rCold    . . .     Gourm    .   (shield restricted)
rNeg     . . .     Faith    .   g - +0 troll leather armour
rPois    .         Spirit   .   (helmet restricted)
rElec    +         Reflect  .   o - +1 cloak
rCorr    .         Harm     .   (gloves unavailable)
MR       .....     NoTele   +   (boots unavailable)
Stlth    +++++++++.             (no amulet)
HPRegen  0.57/turn              b - ring of Kahapywk {rElec rF++ MR- Stlth+}
MPRegen  0.17/turn              p - ring of flight

@: agile, studying Air Magic, very quick
A: very small, unfitting armour, see invisible, herbivore, speed 3, slow
metabolism 2
a: Wall of Briars, Grow Ballistomycete, Overgrow, Grow Oklob, Renounce Religion,
Evoke Flight


You were in the Dungeon.
You worshipped Fedhas.
Fedhas was extremely pleased with you.
You were not hungry.

You visited 1 branch You collected 1323 gold pieces.
You spent 1191 gold pieces at shops.

Inventory:

Hand Weapons
 a - a +2 dagger of venom (weapon)
Missiles
 m - 4 curare-tipped darts (quivered)
 q - 54 arrows
Armour
 g - a +0 troll leather armour (worn)
 o - a +1 cloak (worn)
Jewellery
 b - the ring of Kahapywk (left hand) {rElec rF++ MR- Stlth+}
   (You bought it in a shop in the Dungeon)

   [ring of stealth]

   It greatly protects you from fire.
   It insulates you from electricity.
   It affects your resistance to hostile enchantments.
   It makes you more stealthy.
 p - a ring of flight (right hand)
Wands
 c - a wand of flame (15)
 d - a wand of enslavement (4)
 e - a wand of random effects (8)
Scrolls
 h - a scroll of identify
 l - 2 scrolls of blinking
Potions
 j - 2 potions of magic
 n - 2 potions of curing
 u - a potion of flight
Books
 r - a manual of Air Magic
Miscellaneous
 i - 2 boxes of beasts
Comestibles
 f - 2 rations


   Skills:
 - Level 4.2 Fighting
 - Level 9.2 Short Blades
 * Level 20.0 Dodging
 * Level 21.4 Stealth
 * Level 11.3 Invocations
 - Level 7.9 Evocations


You had 10 spell levels left.
You didn't know any spells.
Your spell library was empty.

Dungeon Overview and Level Annotations

Branches:
Dungeon (1/1)

Altars:
Cheibriados
Dithmenos
Elyvilon
Fedhas
Gozag
Hepliaklqana
Kikubaaqudgha
Makhleb
Nemelex Xobeh
Okawaru
Qazlal
Ru
Sif Muna
Trog
Uskayaw
Vehumet
Wu Jian
Xom
Yredelemnul
Zin
The Shining One
Jiyva
Lugonu

Shops:
D %=[!:(?[[?%(:*:[(


Innate Abilities, Weirdness & Mutations

You are very small and have problems with some larger weapons.
You are too small for most types of armour.
You have supernaturally acute eyesight. (SInv)
You are a herbivore.
You cover ground extremely quickly.
You need to consume almost no food.


Message History

The lorocyproca hits your oklob plant!
Your oklob plant is destroyed!
Your burning bush throws fire at the lorocyproca.
The puff of flame hits the lorocyproca!
The lorocyproca resists.
Aiming: Overgrow
Press: ? - help, Dir - move target cursor, p - lorocyproca The stone wall is torn apart as a wandering mushroom grows in its place.
The stone wall is torn apart as an oklob plant grows in its place.
The stone wall is torn apart as an oklob sapling grows in its place.
You feel somewhat more hungry.
You hit the lorocyproca but do no damage.
The lorocyproca is lightly wounded.
The lorocyproca hits you!!
Ouch! That really hurt!
You feel your power leaking away.
You feel agile all of a sudden. The lorocyproca hits you!!
Ouch! That really hurt!
You die...
Fedhas appreciates your contribution to the ecosystem.

#### ##########
###########..###fPPPP§.§####
..#__#..'..)††(#§2§§§§§§§§.+
..'..'..#....#'#@##§§§§...#
#'#__####)..§§§#§#.###...##
#.####.(###..§.§§#'#.###+#
#.#≈≈§§)#§.##+####^..#y#
_.'≈§§.§§§.#..°○.#...###
._#§§§.)#§§#^.°.^+..$$$#
#'##§#####§###°°^#^....#
#.#.§§[###P'.#^..###++##
####'###.###.#○○##


You could see a lorocyproca (invisible), a friendly oklob plant, a friendly
wandering mushroom and a friendly oklob sapling.

Vanquished Creatures
  2 centaur warriors (D)
  Sonja (D)
  2 unseen horrors (D)
  A deep troll (D)
  A lindwurm (D)
  A gargoyle (D)
  2 kobold demonologists (D)
  2 demonic crawlers (D)
  A hornet (D)
  A slime creature (D)
  Sigmund (D)
  2 redbacks (D)
  A yak (D)
  2 floating eyes (D)
  An ogre (D)
  A necrophage (D)
  3 jellies (D)
  Ijyb (D)
26 creatures vanquished.

Vanquished Creatures (collateral kills)
  2 demonic crawlers (D)
  13 hogs (D)
  3 necrophages (D)
  A jelly (D)
19 creatures vanquished.

Vanquished Creatures (others)
  3 necrophages (D)
  4 jellies (D)
  A ballistomycete spore (D)
8 creatures vanquished.

Grand Total: 53 creatures vanquished

Notes
Turn   | Place    | Note
-------+----------+-------------------------------------------
     0 | D        | Chiseanne the Spriggan Artificer began the quest for the
                  | Orb.
     0 | D        | Reached XP level 1. HP: 9/9 MP: 4/4
     1 | D        | Noticed Ijyb
     9 | D        | Noticed an ogre
    13 | D        | Your ally died
    13 | D        | Reached skill level 4 in Stealth
    13 | D        | Reached skill level 5 in Evocations
    13 | D        | Reached XP level 2. HP: 15/15 MP: 4/6
    18 | D        | Noticed Sigmund
    31 | D        | Killed Sigmund
    31 | D        | Reached skill level 6 in Stealth
    31 | D        | Reached XP level 3. HP: 20/20 MP: 5/8
    31 | D        | Reached XP level 4. HP: 24/24 MP: 6/10
    32 | D        | Killed an ogre
    32 | D        | Reached skill level 5 in Short Blades
    32 | D        | Reached skill level 8 in Stealth
    32 | D        | Reached XP level 5. HP: 29/29 MP: 6/11
    85 | D        | Found an ornate altar of the Wu Jian Council.
    85 | D        | Found a shimmering blue altar of Sif Muna.
    87 | D        | Found a radiant altar of Vehumet.
   120 | D        | Found Tatuak's Jewellery Emporium.
   120 | D        | Found an ancient bone altar of Kikubaaqudgha.
   120 | D        | Found a hazy altar of Hepliaklqana.
   120 | D        | Found a hide-covered altar of Uskayaw.
   120 | D        | Found a basalt altar of Yredelemnul.
   120 | D        | Found an opulent altar of Gozag.
   120 | D        | Found a snail-covered altar of Cheibriados.
   120 | D        | Found a sacrificial altar of Ru.
   120 | D        | Found a shadowy altar of Dithmenos.
   120 | D        | Noticed a yak
   121 | D        | Found a stormy altar of Qazlal.
   121 | D        | Found a blossoming altar of Fedhas.
   121 | D        | Found a bloodstained altar of Trog.
   121 | D        | Found an iron altar of Okawaru.
   121 | D        | Found a glowing golden altar of the Shining One.
   121 | D        | Found a glowing silver altar of Zin.
   121 | D        | Found a white marble altar of Elyvilon.
   126 | D        | Killed a yak
   126 | D        | Reached skill level 10 in Dodging
   126 | D        | Reached skill level 11 in Stealth
   126 | D        | Reached XP level 6. HP: 26/33 MP: 12/12
   127 | D        | Found a sparkling altar of Nemelex Xobeh.
   190 | D        | Became a worshipper of Fedhas Madash
   196 | D        | Noticed Sonja
   200 | D        | Killed Sonja
   200 | D        | Reached skill level 14 in Stealth
   200 | D        | Reached XP level 7. HP: 37/37 MP: 13/13
   219 | D        | Found Carirar's Food Boutique.
   273 | D        | Noticed a deep troll
   295 | D        | Killed a deep troll
   295 | D        | Reached skill level 15 in Stealth
   295 | D        | Reached XP level 8. HP: 20/42 MP: 14/14
   360 | D        | Found Moec's Armour Emporium.
   367 | D        | Bought a +1 cloak for 138 gold pieces
   402 | D        | Bought the ring of Kahapywk {rElec rF++ MR- Stlth+} for 448
                  | gold pieces
   403 | D        | Bought an uncursed ring of flight for 175 gold pieces
   424 | D        | Noticed a centaur warrior
   425 | D        | Noticed a centaur warrior
   447 | D        | Killed a centaur warrior
   447 | D        | Reached * piety under Fedhas
   447 | D        | Reached skill level 15 in Dodging
   447 | D        | Reached skill level 16 in Stealth
   447 | D        | Reached XP level 9. HP: 9/45 MP: 15/15
   453 | D        | Killed a centaur warrior
   453 | D        | Reached skill level 17 in Stealth
   512 | D        | Reached skill level 18 in Stealth
   525 | D        | Noticed an oklob plant
   533 | D        | Reached ** piety under Fedhas
   552 | D        | Noticed an unseen horror
   553 | D        | Noticed an unseen horror
   559 | D        | Killed an unseen horror
   561 | D        | Killed an unseen horror
   561 | D        | Reached *** piety under Fedhas
   561 | D        | Reached skill level 19 in Stealth
   561 | D        | Reached XP level 10. HP: 50/50 MP: 15/17
   615 | D        | Reached **** piety under Fedhas
   708 | D        | Found Ymmum's Distillery.
   708 | D        | Found Nupyofua's Antique Armour Shop.
   708 | D        | Found Ciju's Book Boutique.
   710 | D        | Found Avupn's Weapon Emporium.
   710 | D        | Found Qoddew's Magic Scroll Shop.
   710 | D        | Found Rohuezim's Armour Shoppe.
   710 | D        | Found Jauh's Antique Armour Boutique.
   710 | D        | Found Mihak's Magic Scroll Emporium.
   710 | D        | Found Xemenirgh's Food Shop.
   710 | D        | Found Naopsah's Weapon Shoppe.
   713 | D        | Bought a potion of degeneration for 13 gold pieces
   713 | D        | Bought a potion of agility for 52 gold pieces
   713 | D        | Bought a potion of lignification for 39 gold pieces
   713 | D        | Bought a potion of agility for 52 gold pieces
   713 | D        | Bought a potion of flight for 39 gold pieces
   715 | D        | Found Ylorus's Book Boutique.
   716 | D        | Found Egota's Book Emporium.
   716 | D        | Found Reabrit's Assorted Antiques.
   717 | D        | Bought a scroll of identify for 26 gold pieces
   717 | D        | Found Emuechaz's Weapon Emporium.
   764 | D        | Found a viscous altar of Jiyva.
   764 | D        | Found a corrupted altar of Lugonu.
   765 | D        | Found a burning altar of Makhleb.
   765 | D        | Found a shimmering altar of Xom.
   767 | D        | Reached ***** piety under Fedhas
   784 | D        | Reached skill level 20 in Stealth
   814 | D        | Reached skill level 10 in Invocations
   910 | D        | Noticed a gargoyle
   914 | D        | Killed a gargoyle
   931 | D        | Noticed a lindwurm
   933 | D        | Killed a lindwurm
   933 | D        | Reached skill level 21 in Stealth
   970 | D        | Bought a bloodstained robe for 131 gold pieces
   970 | D        | Identified the +0 robe of the Elven Halls {Dex+3} (You
                  | bought it in a shop in the Dungeon)
   977 | D        | Bought a scroll of identify for 52 gold pieces
   977 | D        | Bought a scroll labeled GYGROA COTHROGU for 26 gold pieces
  1081 | D        | Reached XP level 11. HP: 53/53 MP: 4/20
  1098 | D        | Noticed a lorocyproca
  1125 | D        | Mangled by a lorocyproca

Levels and vault maps discovered:
D:        dungeon_sprint_1 [red_sonja_temple_1, red_sonja_temple_small_1]

Skill      XL: |  1  2  3  4  5  6  7  8  9 10 |
---------------+-------------------------------+-----
Fighting       | 2 3 4 |  4.2
Short Blades   | 2 4 5 6 8 9 |  9.2
Dodging        | 4 6 8 10 13 14 15 18 20 | 20.0
Stealth        | 4 6 8 11 14 15 16 19 21 | 21.4
Evocations     | 5 6 7 |  7.9
Invocations    | 4 8 11 | 11.3

Action                   |  1- 3 |  4- 6 |  7- 9 | 10-12 || total
-------------------------+-------+-------+-------+-------++-------
Melee: Short sword       |     3 |     7 |       |       ||    10
       Dagger            |       |       |    38 |    50 ||    88
Invok: Overgrow          |       |       |       |     5 ||     5
       Grow Oklob        |       |       |       |     1 ||     1
 Abil: Evoke Flight      |       |       |     1 |       ||     1
Evoke: Wand              |     6 |     2 |     1 |     9 ||    18
       Box of beasts     |       |       |       |     1 ||     1
  Use: Potion            |     1 |       |     3 |     3 ||     7
       Scroll            |       |       |     3 |     3 ||     6
 Stab: Sleeping          |       |     3 |     4 |     9 ||    16
       Confused          |       |       |     2 |       ||     2
       Distracted        |       |       |       |     1 ||     1
Armor: Troll leather arm |       |       |     1 |     5 ||     6
Dodge: Dodged            |    12 |     3 |    31 |    85 ||   131
